 Dungeon Crawl Stone Soup version 0.20-a0-903-g7e3609c (webtiles) character file.

56 M4edhros the Sneak (level 3, 0/23 HPs)
             Began as an Octopode Artificer on Mar 21, 2017.
             Was an Initiate of Ru.
             Slain by a jackal (3 damage)
             ... on level 2 of the Dungeon.
             The game lasted 00:01:09 (906 turns).

M4edhros the Sneak (Octopode Artificer)              Turns: 906, Time: 00:01:10

Health: 0/23       AC:  1    Str: 11    XL:     3   Next: 95%
Magic:  5/5        EV: 13    Int: 13    God:    Ru [......]
Gold:   26         SH:  0    Dex: 13    Spells: 2/2 levels left

rFire    . . .     SeeInvis .   a - +0 short sword
rCold    . . .     Gourm    .   (no shield)
rNeg     . . .     Faith    .   (helmet restricted)
rPois    .         Spirit   .   (no amulet)
rElec    .         Reflect  .   (no ring)
rCorr    .         Harm     .   (no ring)
MR       .....                  (no ring)
Stlth    ++++......             (no ring)
Regen    0.1/turn               (no ring)
MPRegen  0.1/turn               (no ring)
                                (no ring)
                                (no ring)

@: lethally poisoned (0 -> -4), exhausted, slowed, very slow
A: almost no armour, stealthy swim, amphibious, 8 rings, constrict 8, camouflage
1, gelatinous body 1
a: Renounce Religion


You were on level 2 of the Dungeon.
You worshipped Ru.
Ru was noncommittal.
You were not hungry.

You visited 1 branch of the dungeon, and saw 2 of its levels.

You collected 26 gold pieces.

Inventory:

Hand Weapons
 a - a +0 short sword (weapon)
Missiles
 l - 2 needles of sleeping
Wands
 b - a wand of flame (14/48)
 c - a wand of enslavement (12/24)
 d - a wand of random effects (15/48)
 i - a wand of random effects (15/48)
Scrolls
 e - 2 scrolls of recharging {unknown}
 j - a scroll of identify {unknown}
 k - a scroll of teleportation {unknown}
 n - a scroll of enchant armour {unknown}
Comestibles
 f - 3 bread rations
 g - a meat ration
 m - 6 fruits


   Skills:
 - Level 1.0 Fighting
 - Level 1.0 Short Blades
 - Level 2.0 Dodging
 + Level 5.3 Stealth
 - Level 3.2 Evocations


You had 2 spell levels left.
You didn't know any spells.

Dungeon Overview and Level Annotations

Branches:
Dungeon (2/15)

Altars:
Ashenzari
Ru
Vehumet


Innate Abilities, Weirdness & Mutations

You cannot wear most types of armour.
You are very stealthy in the water. (Stealth+)
You are amphibious.
You can wear up to eight rings at the same time.
You can use your tentacles to constrict eight enemies at once.
Your skin changes colour to match your surroundings (Stealth+).
Your rubbery body absorbs attacks. (AC +1, EV +1)


Message History

Aim: a jackal (chance to defeat MR: 72%)
The jackal struggles to resist.
This wand has 13 charges left.
The jackal bites you.
* * * LOW HITPOINT WARNING * * *
The jackal bites you.
* * * LOW HITPOINT WARNING * * *
You aren't carrying any potions.
Evoke which item? (* to show all) (? for menu, Esc to quit)
Aiming: Enslavement
Press: ? - help, Shift-Dir - straight line, f/p - jackal
Aim: a jackal (chance to defeat MR: 72%)
The jackal is charmed.
This wand has 12 charges left.
* * * LOW HITPOINT WARNING * * *
You feel sick. Really attack your jackal?
You hit your jackal.
The jackal is no longer charmed.
Your grab misses the jackal.
The jackal is moderately wounded.
The jackal bites you.
You die...

#####..........
#.#........
##...#......
#..###......
######..###...... .
.................
#..####.##.###......
#......#..# ....
##†h@.## .
#....†.### ......###
##.... #... #... ###


You could see a jackal.

Vanquished Creatures
  2 adders (D:2)
  An ooze (D:2)
  A worm (D:2)
  2 leopard geckos (D:1)
  2 bats (D:1)
  3 giant cockroaches
  2 goblins
  3 hobgoblins (D:1)
  3 jackals (D:2)
  A ball python (D:1)
  3 frilled lizards
  2 kobolds (D:1)
  3 rats (D:1)
28 creatures vanquished.

Notes
Turn   | Place    | Note
-------+----------+-------------------------------------------
     0 | D:1      | M4edhros the Octopode Artificer began the quest for the Orb.
     0 | D:1      | Reached XP level 1. HP: 13/13 MP: 3/3
    69 | D:1      | Reached skill level 2 in Stealth
    92 | D:1      | Reached XP level 2. HP: 9/18 MP: 4/4
    93 | D:1      | Reached skill level 3 in Stealth
   334 | D:2      | Reached skill level 4 in Stealth
   343 | D:2      | Found a shattered altar of Ashenzari.
   343 | D:2      | Found a sacrificial altar of Ru.
   345 | D:2      | Found a radiant altar of Vehumet.
   347 | D:2      | Reached XP level 3. HP: 19/23 MP: 5/5
   356 | D:2      | Became a worshipper of Ru the Awakened
   896 | D:2      | Reached skill level 5 in Stealth
   906 | D:2      | Slain by a jackal

Vault maps used:
D:1:      lightli_iron_boxes, minivault_5
D:2:      gammafunk_temple_overflow_forgotten, first_bread

Skill      XL: |  1  2  3 |
---------------+----------+-----
Stealth        | 2 4 5 |  5.3
Fighting       | |  1.0
Short Blades   | |  1.0
Dodging        | |  2.0
Evocations     | |  3.2

Action                   || total
-------------------------++-------
Melee: Short sword       ||    53
       Constrict         ||    15
       Tentacles         ||    14
Evoke: Wand              ||     4
  Use: Potion            ||     1
 Stab: Sleeping          ||     4
Armor: Skin              ||     6
Dodge: Dodged            ||    38
